 Dungeon Crawl Stone Soup version 0.23.2-33-g5129a83184 (webtiles) character file.

Game seed: 17681378853386781361

2216 MalarOregon the Spear-Bearer (level 9, -2/71 HPs)
             Began as a Merfolk Ice Elementalist on Aug 4, 2019.
             Was a Follower of Wu Jian.
             Slain by a centaur (6 damage)
             ... on level 8 of the Dungeon.
             The game lasted 00:22:19 (8044 turns).

MalarOregon the Spear-Bearer (MfIE)                 Turns: 8044, Time: 00:22:19

Health: -2/71      AC:  5    Str:  9    XL:     9   Next: 35%
Magic:  15/17      EV: 12    Int: 17    God:    Wu Jian [*.....]
Gold:   350        SH:  0    Dex: 14    Spells: 11/19 levels left

rFire    + + .     SeeInvis .   a - +0 trident (freeze)
rCold    + . .     Gourm    .   (no shield)
rNeg     . . .     Faith    .   c - +0 leather armour {rC+}
rPois    .         Spirit   .   r - +0 helmet (curse)
rElec    .         Reflect  .   (no cloak)
rCorr    .         Harm     .   l - +0 pair of gloves
MR       .....                  (no boots)
Stlth    ++........             (no amulet)
HPRegen  0.21/turn              t - ring of protection from fire
MPRegen  0.15/turn              i - ring of protection from fire

@: no status effects
A: change form in water, swift swim, stealthy swim
a: Renounce Religion


You were on level 8 of the Dungeon.
You worshipped Wu Jian.
Wu Jian was aware of your devotion.
You were near starving.

You visited 2 branches of the dungeon, and saw 9 of its levels.
You also visited: Ossuary.

You collected 350 gold pieces.

Inventory:

Hand Weapons
 a - a +0 trident of freezing (weapon)
   (You took it off an orc on level 3 of the Dungeon)
Missiles
 u - 5 javelins (quivered)
Armour
 c - a +0 leather armour of cold resistance (worn)
   (You took it off an orc on level 2 of the Dungeon)
 l - a +0 pair of gloves (worn)
   (You found it on level 1 of the Dungeon)
 r - a cursed +0 helmet (worn)
   (You found it on level 6 of the Dungeon)
Jewellery
 g - an uncursed ring of flight
   (You found it on level 1 of the Dungeon)
 i - a ring of protection from fire (right hand)
   (You found it on level 2 of the Dungeon)
 j - an uncursed ring of poison resistance {unknown}
   (You found it on level 7 of the Dungeon)
 t - a ring of protection from fire (left hand)
   (You found it on level 4 of the Dungeon)
 v - an uncursed ring of poison resistance {unknown}
   (You found it on level 7 of the Dungeon)
 z - an uncursed ring of see invisible
   (You found it on level 4 of the Dungeon)
Wands
 d - a wand of iceblast (7)
   (You found it on level 4 of the Dungeon)
Scrolls
 b - a scroll of noise {!r}
 f - 6 scrolls of remove curse {@r2}
 h - a scroll of amnesia
 m - a scroll of fear
 o - 4 scrolls of teleportation {@r4}
 D - 2 scrolls of magic mapping
Potions
 k - 4 potions of curing {@q1}
 n - 3 potions of might
 p - 2 potions of heal wounds {@q2}
 q - 2 potions of flight {unknown}
 s - a potion of mutation {unknown}
 w - 2 potions of ambrosia {unknown}
 x - 3 potions of haste {@q3}
 y - 2 potions of lignification {!q}
 A - a potion of cancellation {unknown}
Comestibles
 e - 9 rations {!d}


   Skills:
 + Level 6.4 Fighting
 + Level 8.6 Polearms
 - Level 2.6 Dodging
 - Level 2.1 Stealth
 + Level 5.8 Spellcasting
   Level 0.7 Conjurations
 + Level 7.4 Ice Magic


You had 11 spell levels left.
You knew the following spells:

 Your Spells              Type           Power        Failure   Level  Hunger
a - Freeze                Ice            ####         1%          1    None
b - Ozocubu's Armour      Chrm/Ice       ###.....     12%         3    ##.....
d - Summon Ice Beast      Ice/Summ       ###.....     38%         4    ####...

Your spell library contained the following spells:

 Spells                   Type           Power        Failure   Level  Hunger
 Throw Frost              Conj/Ice       ###...       5%          2    #......
 Ensorcelled Hibernation  Hex/Ice        ###...       6%          2    #......
 Corona                   Hex            #......      19%         1    None
 Throw Icicle             Conj/Ice       ###.....     34%         4    ####...
 Dazzling Spray           Conj/Hex       #.....       43%         3    ##.....
 Confuse                  Hex            #.......     50%         3    ##.....
 Tukima's Dance           Hex            #.......     50%         3    ##.....


Dungeon Overview and Level Annotations

Branches:
Dungeon (8/15)             Temple (1/1) D:6
   Lair: D:8-11

Altars:
Cheibriados
Dithmenos
Elyvilon
Fedhas
Hepliaklqana
Kikubaaqudgha
Makhleb
Nemelex Xobeh
Okawaru
Qazlal
Ru
Sif Muna
Trog
Uskayaw
Vehumet
Wu Jian
Xom
Yredelemnul
Zin
The Shining One

Annotations:
D:2 1 runed translucent door, Crazy Yiuf


Message History

You reach to attack!
You barely miss the orc priest.
The killer bee zombie barely misses you.
Attack whom?
Aim: an orc priest, wielding a +0 whip The killer bee zombie is in the way.
You closely miss the killer bee zombie. The killer bee zombie hits you.
* * * LOW HITPOINT WARNING * * *
The killer bee zombie hits you.
* * * LOW HITPOINT WARNING * * *
Unknown command.
Unknown command.
Attack whom?
Aim: an orc priest, wielding a +0 whip You reach to attack!
You hit the orc priest. You freeze the orc priest.
The killer bee zombie hits you.
* * * LOW HITPOINT WARNING * * *
Attack whom?
Aim: an orc priest, wielding a +0 whip (lightly wounded)
The killer bee zombie is in the way.
You closely miss the killer bee zombie. The killer bee zombie hits you.
* * * LOW HITPOINT WARNING * * *
The killer bee zombie hits you!
* * * LOW HITPOINT WARNING * * *
The killer bee zombie closely misses you.
The orc priest looks braver for a moment.
The killer bee zombie hits you but does no damage.
The killer bee zombie closely misses you.
The killer bee zombie hits you but does no damage.
The killer bee zombie hits you.
* * * LOW HITPOINT WARNING * * *
The killer bee zombie misses you. The killer bee zombie hits you.
* * * LOW HITPOINT WARNING * * *
The killer bee zombie closely misses you.
There is a stone staircase leading down here.
The killer bee zombie barely misses you.
You climb downwards.
There is a stone staircase leading up here.
Unknown command.
You start resting.
You start resting.
A centaur comes into view.
Aim: a centaur (hasn't noticed you)
You freeze the centaur! The centaur hits you.
* * * LOW HITPOINT WARNING * * *
The centaur hits you.
* * * LOW HITPOINT WARNING * * *
Aim: a centaur (heavily wounded)
You freeze the centaur! The centaur hits you.
You die...

..#
..#
..##
...
..
##.
#c#
#@#
#.#
##.
##


You could see a centaur.

Vanquished Creatures
  Pikel (D:4)
  A sky beast (D:6)
  An orc warrior (D:7)
  A phantom (D:4)
  2 centaurs (D:6)
  2 elf zombies (Ossuary)
  3 bullfrogs
  2 howler monkeys
  A crimson imp (D:5)
  A bullfrog skeleton (D:4)
  A hound (D:4)
  2 human zombies (Ossuary)
  A jelly (D:6)
  6 orc priests
  6 orc wizards
  3 worker ants
  A big kobold zombie (Ossuary)
  A hound skeleton (D:7)
  4 mummies (Ossuary)
  4 adders
  A howler monkey skeleton (D:5)
  An ooze (D:3)
  4 adder zombies
  6 worms (D:2)
  2 dart slugs (D:2)
  5 leopard geckos
  16 orcs
  12 bats
  3 giant cockroaches
  5 goblins
  9 hobgoblins
  16 jackals
  5 kobolds
  A ball python (D:2)
  2 frilled lizards
  A giant cockroach zombie (D:5)
  A goblin zombie (Ossuary)
  A jackal zombie (Ossuary)
  A kobold zombie (Ossuary)
  A leopard gecko zombie (D:5)
  10 rats
  A rat zombie (Ossuary)
148 creatures vanquished.

Vanquished Creatures (others)
  An ice beast (D:5)
  A slave (D:5)
  A bullfrog (D:5)
  A crimson imp (D:5)
  A worker ant (D:5)
  A leopard gecko (D:5)
6 creatures vanquished.

Grand Total: 154 creatures vanquished

Notes
Turn   | Place    | Note
-------+----------+-------------------------------------------
     0 | D:1      | MalarOregon the Merfolk Ice Elementalist began the quest
                  | for the Orb.
     0 | D:1      | Reached XP level 1. HP: 13/13 MP: 3/3
   180 | D:1      | Reached XP level 2. HP: 19/19 MP: 1/5
  1022 | D:2      | Reached skill level 1 in Polearms
  1065 | D:2      | Reached XP level 3. HP: 15/25 MP: 0/6
  1190 | D:2      | Reached skill level 1 in Fighting
  1383 | D:2      | Learned a level 3 spell: Ozocubu's Armour
  1400 | D:2      | Reached skill level 2 in Polearms
  1674 | D:2      | Reached XP level 4. HP: 26/33 MP: 7/7
  1831 | D:2      | Found a runed translucent door.
  1832 | D:2      | Noticed Crazy Yiuf
  1939 | D:2      | Found a deep blue altar of Sif Muna.
  2152 | D:2      | Learned a level 4 spell: Summon Ice Beast
  2657 | D:3      | Reached skill level 3 in Polearms
  3260 | D:2      | Reached XP level 5. HP: 23/39 MP: 7/9
  3904 | D:3      | Found a burning altar of Makhleb.
  4010 | D:3      | Reached skill level 4 in Polearms
  4010 | D:3      | Reached XP level 6. HP: 42/46 MP: 0/10
  4490 | D:4      | Noticed a phantom
  4539 | D:4      | Killed a phantom
  4712 | D:4      | Reached XP level 7. HP: 46/52 MP: 12/12
  4758 | D:4      | Reached skill level 5 in Polearms
  4758 | D:4      | Reached skill level 5 in Ice Magic
  5097 | D:5      | Entered Level 5 of the Dungeon
  5097 | D:5      | Noticed Pikel
  5123 | D:4      | Killed Pikel
  5123 | D:4      | Reached skill level 6 in Polearms
  5123 | D:4      | Reached XP level 8. HP: 24/61 MP: 1/14
  5842 | D:5      | Reached skill level 5 in Fighting
  6131 | D:6      | Found a staircase to the Ecumenical Temple.
  6162 | Temple   | Entered the Ecumenical Temple
  6464 | Temple   | Became a worshipper of the Wu Jian Council
  6557 | D:6      | Reached skill level 7 in Polearms
  6681 | D:6      | Reached skill level 5 in Spellcasting
  7026 | D:6      | Found a sparkling altar of Nemelex Xobeh.
  7258 | D:6      | Reached XP level 9. HP: 44/69 MP: 10/17
  7326 | D:7      | Found the +27 Lear's hauberk
  7382 | D:7      | Reached skill level 8 in Polearms
  7420 | D:7      | Found a sand-covered staircase.
  7424 | Ossuary  | Entered an ossuary
  7979 | D:7      | Reached * piety under Wu Jian
  8044 | D:8      | Slain by a centaur

Skill      XL: |  1  2  3  4  5  6  7  8  9 |
---------------+----------------------------+-----
Polearms       | 1 2 3 4 6 7 8 |  8.6
Fighting       | 1 2 3 4 5 6 |  6.4
Ice Magic      | 4 5 6 7 |  7.4
Spellcasting   | 3 4 5 |  5.8
Dodging        | |  2.6
Stealth        | |  2.1
Conjurations   | |  0.7

Action                   |  1- 3 |  4- 6 |  7- 9 || total
-------------------------+-------+-------+-------++-------
Melee: Unarmed           |     5 |       |       ||     5
       Spear             |    78 |    83 |       ||   161
       Trident           |       |   126 |   281 ||   407
Throw: Javelin           |       |       |     5 ||     5
 Cast: Freeze            |    42 |    49 |    77 ||   168
       Ozocubu's Armour  |       |       |     2 ||     2
Invok: Lunge             |       |       |     1 ||     1
  Use: Scroll            |     6 |       |     8 ||    14
       Potion            |       |     1 |     2 ||     3
 Stab: Sleeping          |     5 |     1 |     2 ||     8
       Distracted        |     1 |       |     2 ||     3
  Eat: Chunk             |     3 |     6 |    10 ||    19
       Ration            |       |     1 |       ||     1
Armor: Robe              |     9 |       |       ||     9
       Leather armour    |    10 |    68 |   120 ||   198
Dodge: Dodged            |    52 |   192 |   354 ||   598
